 Dungeon Crawl Stone Soup version 0.25-a0-292-gaa31f046c4 (webtiles) character file.

Game seed: 8594385382540385796, levelgen mode: classic

4101 Borgoz the Slicer (level 10, 0/64 HPs)
             Began as a Kobold Fighter on Dec 15, 2019.
             Was a Follower of Ashenzari.
             Succumbed to a killer bee's poison
             ... on level 9 of the Dungeon.
             The game lasted 00:13:40 (6632 turns).

Borgoz the Slicer (Kobold Fighter)                  Turns: 6632, Time: 00:13:40

Health: 0/64       AC: 14    Str: 16    XL:     10   Next: 50%
Magic:  10/10      EV: 19    Int: 10    God:    Ashenzari [*.....]
Gold:   325        SH: 10    Dex: 15    Spells: 9/9 levels left

rFire    . . .     SeeInvis .   a - +0 rapier
rCold    . . .     Gourm    .   c - +0 shield
rNeg     . . .     Faith    .   l - +0 ring mail
rPois    .         Spirit   .   B - +0 helmet
rElec    .         Reflect  .   g - +1 cloak
rCorr    .         Harm     .   o - +2 pair of gloves {archery}
MR       .....                  r - +0 pair of boots
Stlth    +.........             h - amulet of regeneration
HPRegen  0.60/turn              i - +3 ring of evasion
MPRegen  0.12/turn              (no ring)

@: lethally poisoned (0 -> -11), hasted, very quick
A: small, carnivore
a: Curse Item, Scrying, Renounce Religion


You were on level 9 of the Dungeon.
You worshipped Ashenzari.
Ashenzari was aware of your devotion.
You were completely stuffed.

You visited 2 branches of the dungeon, and saw 10 of its levels.

You collected 325 gold pieces.

Inventory:

Hand Weapons
 a - a +0 rapier (weapon)
 d - a +0 rapier
Missiles
 s - a throwing net (quivered)
Armour
 c - a +0 shield (worn)
 g - a +1 cloak (worn)
 l - a +0 ring mail (worn)
 o - a +2 pair of gloves of archery (worn)
 r - a +0 pair of boots (worn)
 B - a +0 helmet (worn)
Jewellery
 h - an amulet of regeneration (around neck)
 i - a +3 ring of evasion (left hand)
 j - a +4 ring of intelligence
 n - an uncursed ring of positive energy
Wands
 b - a wand of random effects (27)
 t - a wand of digging (6)
 y - a wand of polymorph (8)
Scrolls
 e - 8 scrolls of teleportation
 k - a scroll of holy word
 m - 2 scrolls of enchant armour
 u - a scroll of amnesia
 v - 6 scrolls of remove curse
 w - 3 scrolls of magic mapping
Potions
 q - a potion of flight
 A - 2 potions of mutation
Comestibles
 f - 21 rations
 x - 5 chunks of flesh


   Skills:
 * Level 8.1 Fighting
 * Level 9.3 Short Blades
 * Level 6.3 Armour
 * Level 8.1 Dodging
 + Level 4.7 Shields


You had 9 spell levels left.
You didn't know any spells.
Your spell library contained the following spells:

 Spells                   Type           Power        Failure   Level  Hunger
 Animate Skeleton         Necr           N/A          96%         1    ##.....
 Apportation              Tloc           #.....       96%         1    ##.....
 Confusing Touch          Hex            #.....       96%         1    ##.....
 Summon Small Mammal      Summ           #...         96%         1    ##.....


Dungeon Overview and Level Annotations

Branches:
Dungeon (9/15)             Temple (1/1) D:4            Lair (0/6) D:8
    Orc: D:9-12

Altars:
Ashenzari
Cheibriados
Dithmenos
Elyvilon
Fedhas
Gozag
Hepliaklqana
Kikubaaqudgha
Makhleb
Nemelex Xobeh
Okawaru
Qazlal
Ru
Sif Muna
Trog
Uskayaw
Vehumet
Wu Jian
Xom
Yredelemnul
Zin
The Shining One

Annotations:
D:7 4 runed translucent doors


Innate Abilities, Weirdness & Mutations

You are small and have problems with some larger weapons.
You are carnivorous and can eat meat at any time.


Message History

* * * LOW HITPOINT WARNING * * *
You feel sick.
A hound comes into view.
The hound barks!
A crimson imp comes into view.
The crimson imp shouts!
A bullfrog comes into view.
Found four items.
Found a hazy altar of Hepliaklqana.
You see here 20 gold pieces.
You now have 325 gold pieces (gained 20).
* * * LOW HITPOINT WARNING * * *
You feel sick.
Okay, then.
* * * LOW HITPOINT WARNING * * *
You feel sick.
* * * LOW HITPOINT WARNING * * *
You feel sick.
* * * LOW HITPOINT WARNING * * *
You feel sick.
You die...

.######+##
#........#
#.....$..#
#....(...#####
#......5.....###
##..........[....
[........._..#
........h....#
...#####...@.#
#...F..#
#.....+...
#.....####
#.....# #.....#
#.....# #.....#


You could see a bullfrog, a hound and a crimson imp.

Vanquished Creatures
  A two-headed ogre (D:8)
  Pikel (D:4)
  Joseph (D:7)
  Sigmund (D:3)
  A spriggan (D:7)
  A steam dragon (D:8)
  An ice beast (D:5)
  4 slaves (D:4)
  A black bear (D:8)
  2 centaurs (D:8)
  An ogre (D:4)
  5 bullfrogs
  3 scorpions
  A killer bee (D:9)
  5 howler monkeys
  A crimson imp (D:6)
  3 hounds
  A centaur zombie (D:7)
  2 orc priests
  A jelly (D:8)
  12 orc wizards
  Crazy Yiuf (D:3)
  4 bullfrog skeletons
  A centaur skeleton (D:6)
  Ijyb (D:4)
  4 iguanas
  4 worker ants
  Robin (D:3)
  2 worker ant zombies
  6 adders
  4 worms
  2 dart slugs
  6 leopard geckos
  35 orcs
  6 giant cockroaches
  13 goblins
  12 hobgoblins
  11 kobolds
  2 quokkas
  11 bats
  8 frilled lizards
  A jackal skeleton (D:4)
  A jackal zombie (D:5)
  A quokka zombie (D:5)
  8 rats
194 creatures vanquished.

Vanquished Creatures (others)
  A fungus (D:8)
1 creature vanquished.

Grand Total: 195 creatures vanquished

Notes
Turn   | Place    | Note
-------+----------+-------------------------------------------
     0 | D:1      | Borgoz the Kobold Fighter began the quest for the Orb.
     0 | D:1      | Reached XP level 1. HP: 14/14 MP: 1/1
   126 | D:1      | Reached XP level 2. HP: 16/19 MP: 2/2
   181 | D:1      | Reached skill level 3 in Short Blades
   465 | D:1      | Reached skill level 1 in Dodging
   465 | D:1      | Reached XP level 3. HP: 23/23 MP: 3/3
  1024 | D:2      | Reached XP level 4. HP: 28/29 MP: 4/4
  1667 | D:3      | Noticed Robin
  1736 | D:3      | Killed Robin
  1736 | D:3      | Reached XP level 5. HP: 33/33 MP: 5/5
  1749 | D:3      | Reached skill level 4 in Short Blades
  1797 | D:3      | Found a runed translucent door.
  1798 | D:3      | Noticed Crazy Yiuf
  1838 | D:3      | Noticed Sigmund
  1887 | D:3      | Killed Sigmund
  1887 | D:3      | Reached XP level 6. HP: 22/39 MP: 6/6
  2083 | D:3      | Reached XP level 7. HP: 31/44 MP: 7/7
  2272 | D:3      | Killed Crazy Yiuf
  2342 | D:4      | Noticed Ijyb
  2363 | D:4      | Killed Ijyb
  2363 | D:4      | Reached skill level 5 in Short Blades
  2513 | D:4      | Reached skill level 5 in Fighting
  2646 | D:4      | Noticed Pikel
  2901 | D:4      | Found a staircase to the Ecumenical Temple.
  2921 | Temple   | Entered the Ecumenical Temple
  3013 | Temple   | Became a worshipper of Ashenzari the Shackled
  3103 | D:4      | Killed Pikel
  3103 | D:4      | Reached skill level 6 in Short Blades
  3103 | D:4      | Reached skill level 5 in Dodging
  3103 | D:4      | Reached XP level 8. HP: 44/51 MP: 8/8
  3356 | D:5      | Entered Level 5 of the Dungeon
  4248 | D:5      | Reached XP level 9. HP: 55/55 MP: 9/9
  4462 | D:6      | Reached skill level 7 in Short Blades
  4558 | D:6      | Reached skill level 5 in Armour
  4610 | D:6      | Reached * piety under Ashenzari
  5166 | D:7      | Found an ornate altar of the Wu Jian Council.
  5386 | D:7      | Found a huge runed translucent gate.
  5386 | D:7      | Found a huge runed translucent gate.
  5386 | D:7      | Found a huge runed translucent gate.
  5386 | D:7      | Found a huge runed translucent gate.
  5386 | D:7      | Noticed a hippogriff
  5386 | D:7      | Noticed a death yak
  5386 | D:7      | Noticed a hippogriff
  5386 | D:7      | Noticed a polar bear
  5386 | D:7      | Noticed a polar bear
  5386 | D:7      | Noticed a hippogriff
  5386 | D:7      | Noticed a polar bear
  5386 | D:7      | Noticed a hippogriff
  5386 | D:7      | Noticed a polar bear
  5386 | D:7      | Noticed a hippogriff
  5387 | D:7      | Noticed a polar bear
  5387 | D:7      | Noticed a manticore
  5491 | D:7      | Noticed Joseph
  5519 | D:7      | Killed Joseph
  5519 | D:7      | Reached skill level 8 in Short Blades
  5849 | D:8      | Reached XP level 10. HP: 37/63 MP: 10/10
  5934 | D:8      | Noticed a two-headed ogre
  5958 | D:8      | Killed a two-headed ogre
  5958 | D:8      | Reached skill level 9 in Short Blades
  6099 | D:8      | Found a staircase to the Lair.
  6601 | D:9      | Found the +5 robe of Misfortune {*Contam Harm *Corrode
                  | *Drain *Slow EV+5}
  6627 | D:9      | Found a hazy altar of Hepliaklqana.
  6628 | D:9      | HP: 3/64 [poisoned by a killer bee]
  6630 | D:9      | HP: 1/64 [poisoned by a killer bee]
  6632 | D:9      | Succumbed to a killer bee's poison

Levels and vault maps discovered:
D:1:      dpeg_arrival_snail, layout_loops_ring
D:2:      minmay_spotlight, layout_basic, first_ration
D:3:      layout_rooms, uniq_robin, uniq_crazy_yiuf_cottage, uniq_sigmund
D:4:      layout_cave_pools, minmay_temple_entry_slanted, uniq_ijyb, uniq_pikel
D:5:      layout_basic
D:6:      layout_cave_pools
D:7:      lemuel_bear_cage, layout_basic, marbit_many_paths, the_bakery,
          uniq_joseph
D:8:      layout_loops_cross, dpeg_oklobed_lair, nicolae_sextant
D:9:      layout_basic, basic_altar
Temple:   grunt_wide_crystal_templ

Skill      XL: |  1  2  3  4  5  6  7  8  9 10 |
---------------+-------------------------------+-----
Short Blades   | 3 4 6 8 9 |  9.3
Dodging        | 1 2 3 5 7 8 |  8.1
Armour         | 3 4 5 6 |  6.3
Fighting       | 4 5 6 7 8 |  8.1
Shields        | 3 4 |  4.7

Action                   |  1- 3 |  4- 6 |  7- 9 | 10-12 || total
-------------------------+-------+-------+-------+-------++-------
Melee: Rapier            |   129 |   208 |   678 |   152 ||  1167
Throw: Throwing net      |       |       |     1 |       ||     1
Evoke: Wand              |       |       |    10 |       ||    10
  Use: Scroll            |       |     3 |     5 |     3 ||    11
       Potion            |       |     5 |     8 |     1 ||    14
 Stab: Held in net/web   |       |       |     2 |       ||     2
  Eat: Chunk             |     9 |     4 |    13 |     3 ||    29
Armor: Scale mail        |     9 |       |       |       ||     9
       Ring mail         |    27 |    53 |   181 |    44 ||   305
       Skin              |       |     6 |       |       ||     6
Dodge: Dodged            |    66 |   114 |   386 |   145 ||   711
Block: Shield            |    52 |   100 |   305 |   100 ||   557

Table legend:
 A = Non-vault XP
 B = Vault XP
 C = Vault XP percentage of total XP
 D = Non-vault monster count
 E = Vault monster count
 F = Vault count percentage of total count
                 A         B        C        D         E       F
            +---------+---------+-------+---------+---------+-------
      Total |    4281 |    1578 |  26.9 |     170 |      20 |  10.5
            +---------+---------+-------+---------+---------+-------
        D:1 |      37 |       0 |   0.0 |      21 |       0 |   0.0
        D:2 |      52 |       2 |   3.7 |      22 |       2 |   8.3
        D:3 |     180 |     299 |  62.4 |      22 |      14 |  38.9
        D:4 |     315 |     622 |  66.4 |      29 |       2 |   6.5
        D:5 |     502 |       0 |   0.0 |      20 |       0 |   0.0
        D:6 |     649 |       0 |   0.0 |      17 |       0 |   0.0
        D:7 |     498 |     655 |  56.8 |      15 |       2 |  11.8
        D:8 |    1987 |       0 |   0.0 |      23 |       0 |   0.0
        D:9 |      61 |       0 |   0.0 |       1 |       0 |   0.0
            +---------+---------+-------+---------+---------+-------
